 Dungeon Crawl Stone Soup version 0.30.0-5-g1a98f26d00 (webtiles) character file.

Game seed: 13326377288056507703

12403 Darkkill the Fighter (level 11, -11/102 HPs)
             Began as a Minotaur Hunter on May 10, 2023.
             Was an Initiate of Gozag.
             Mangled by a hell knight
             ... wielding a +0 flail of flaming
              (19 damage)
             ... in a volcano.
             The game lasted 00:12:20 (8942 turns).

Darkkill the Fighter (Minotaur Hunter)              Turns: 8942, Time: 00:12:21

Health: -11/102    AC:  8    Str: 16    XL:     11   Next: 62%
Magic:  10/10      EV: 25    Int:  2    God:    Gozag
Gold:   1281       SH:  0    Dex: 36    Spells: 10/10 levels left

rFire   . . .        g - +8 arbalest of Yras {drain, rElec Int-4 Dex+6}
rCold   . . .        (shield currently unavailable)
rNeg    . . .        c - +0 leather armour
rPois   .            (helmet restricted)
rElec   +            H - +0 cloak
rCorr   .            l - +2 pair of gloves
SInv    .            o - +0 pair of boots
Will    .....        (no amulet)
Stlth   +++++        w - +6 ring of dexterity
HPRegen 0.37/turn    k - +6 ring of dexterity
MPRegen 0.12/turn

%: no passive effects
@: spiked, gold aura
A: horns 2, retaliatory headbutt
a: Renounce Religion, Potion Petition, Call Merchant, Bribe Branch


You were in a volcano.
You worshipped Gozag.
Gozag was most pleased with you.
You visited 3 branches of the dungeon, and saw 11 of its levels.
You also visited: Volcano.

You collected 2024 gold pieces.
You paid 743 gold pieces to Gozag.

Inventory:

Hand Weapons
 b - the +1 trident "Leeliut" {pain, rF+ rC- Dex+3}
   (You found it on level 5 of the Dungeon)

   Dex:       It affects your dexterity (+3).
   rF:        It protects you from fire.
   rC:        It makes you vulnerable to cold.
 g - the +8 arbalest of Yras (weapon) {drain, rElec Int-4 Dex+6}
   (You acquired it on level 1 of the Dungeon)

   Int:       It affects your intelligence (-4).
   Dex:       It affects your dexterity (+6).
   rElec:     It insulates you from electricity.
Missiles
 x - 4 javelins
 y - 36 poisoned darts
 A - a silver boomerang
 B - 4 boomerangs of dispersal {=f !f}
 E - 3 boomerangs
 F - 4 curare-tipped darts {=f !f}
Armour
 c - a +0 leather armour (worn)
 l - a +2 pair of gloves (worn)
 o - a +0 pair of boots (worn)
 H - a +0 cloak (worn)
Jewellery
 k - a +6 ring of dexterity (right hand)
 w - a +6 ring of dexterity (left hand)
Wands
 a - a wand of roots (19)
 v - a wand of flame (19)
 G - a wand of charming (9)
Scrolls
 d - 2 scrolls of identify {@r1}
 i - 2 scrolls of immolation
 m - 2 scrolls of teleportation
 n - 3 scrolls of fear
 z - 2 scrolls of amnesia
 C - a scroll of enchant weapon
Potions
 e - a potion of attraction
 h - 4 potions of lignification
 j - 2 potions of might
 p - a potion of mutation
 q - 2 potions of magic
 r - 5 potions of haste
 s - 2 potions of berserk rage
 t - 4 potions of brilliance
 D - a potion of invisibility


   Skills:
 + Level 11.4 Fighting
 + Level 11.2 Ranged Weapons
 + Level 10.6 Dodging
 + Level 8.7 Stealth


You had 10 spell levels left.
You didn't know any spells.
Your spell library contained the following spells:

 Spells                   Type           Power      Damage    Failure   Level
 Magic Dart               Conj           0%         1d3       63%         1
 Slow                     Hex            0%         N/A       63%         1
 Call Imp                 Summ           0%         N/A       77%         2
 Ensorcelled Hibernation  Hex/Ice        0%         N/A       77%         2
 Passwall                 Tmut/Erth      0%         N/A       77%         2
 Confusing Touch          Hex            0%         N/A       94%         3
 Inner Flame              Hex/Fire       0%         N/A       94%         3
 Mephitic Cloud           Conj/Pois/Air  0%         N/A       94%         3
 Swiftness                Air            0%         N/A       94%         3
 Vampiric Draining        Necr           0%         2d6       94%         3
 Flame Wave               Conj/Fire      0%         2d4       100%        4
 Sticky Flame             Conj/Fire      0%         2d3       100%        4


Dungeon Overview and Level Annotations

Branches:
Dungeon (8/15)             Temple (1/1) D:5            Lair (2/5) D:8
  Snake (0/4) Lair:2      Volcano (1/1)
  Swamp: Lair:2-3    Shoals: Lair:2-3

Altars:
Ashenzari
Cheibriados
Dithmenos
Elyvilon
Fedhas
Gozag
Hepliaklqana
Kikubaaqudgha
Makhleb
Nemelex Xobeh
Okawaru
Qazlal
Ru
Sif Muna
Trog
Uskayaw
Vehumet
Wu Jian
Xom
Yredelemnul
Zin
The Shining One

Shops:
D:7 (

Annotations:
D:4 1 runed translucent door, Crazy Yiuf


Innate Abilities, Weirdness & Mutations

You have a pair of horns on your head.
You reflexively headbutt those who attack you in melee.


Message History

You shoot a bolt. The bolt hits the lava snake!
You kill the lava snake!
You now have 1268 gold pieces (gained 8).
No target in view!
No target in view!
No target in view!
HP restored.
You now have 1276 gold pieces (gained 8).
The air gets thick with the scent of sulphur.
In the distance, the volcano erupts with a roar.
A lava snake comes into view.
You shoot a bolt. The bolt hits the lava snake!!
You kill the lava snake!
You now have 1281 gold pieces (gained 5).
You open the door.
A red ugly thing and a red devil come into view.
The red devil is wielding a +0 trident of flaming.
Found a rocky tunnel leading out of this place.
You shoot a bolt. The bolt hits the red ugly thing!!!
The red ugly thing gurgles horribly!
The red ugly thing is heavily wounded.
You hear a shout!
There are monsters nearby!
You shoot a bolt. The bolt hits the red ugly thing!!!
You kill the red ugly thing!
A hell knight comes into view.
It is wielding a +0 flail of flaming and wearing a +4 chain mail of fire resistance.
There are monsters nearby!
You shoot a bolt. The bolt barely misses the red devil.
The red devil barely misses you.
There are monsters nearby!
You shoot a bolt. The bolt hits the red devil!!
The red devil is severely wounded.
The red devil closely misses you.
The red devil hits you from afar with a +0 trident of flaming.
Barbed spikes become lodged in your body.
The red devil burns you.
The hell knight utters an invocation to its god.
The hell knight seems to speed up.
You shoot a bolt. The bolt hits the red devil!
The red devil is almost dead.
A hell hound comes into view.
The red devil misses you.
You shoot a bolt. The bolt hits the red devil.
You kill the red devil!
A red devil comes into view. It is wielding a +0 trident of flaming.
The hell knight mumbles some strange prayers to its god against you.
The bolt of fire hits you!!
The red devil is distracted by your dazzling golden aura.
You shoot a bolt. The bolt barely misses the hell knight.
You carefully extract the barbed spikes from your body.
The red devil is no longer distracted by gold.
The hell knight hits you with a +0 flail of flaming!
The hell knight burns you.
You are too injured to fight recklessly!
You shoot a bolt.
The bolt hits the hell knight but does no damage.
You drain the hell knight.
The hell knight is lightly wounded.
The hell knight completely misses you.
The hell knight hits you with a +0 flail of flaming!
The hell knight burns you.
You shoot a bolt. The bolt hits the hell knight!
You drain the hell knight.
The hell knight is moderately wounded.
The hell knight completely misses you. x2
You shoot a bolt. The bolt hits the hell knight!
The hell knight is heavily wounded.
The hell knight misses you. x2
You shoot a bolt. The bolt hits the hell knight!!
The hell knight is almost dead.
The hell knight invokes the aid of its god against you.
The bolt of fire hits you!! The red devil closely misses you.
The hell knight misses you. You furiously retaliate!
You headbutt the hell knight! You shoot a bolt.
The bolt barely misses the hell knight.
The bolt hits the hell hound!
The hell hound is heavily wounded.
The hell knight closely misses you. The red devil completely misses you.
The hell knight hits you with a +0 flail of flaming.
* * * LOW HITPOINT WARNING * * *
The hell knight burns you.
* * * LOW HITPOINT WARNING * * *
You feel better. The red devil misses you. The hell knight misses you.
You furiously retaliate!
You headbutt the hell knight.
You feel better.
The hell knight prays to its god.
The hell knight blinks!
The red devil hits you from afar with a +0 trident of flaming!
Barbed spikes become lodged in your body.
The red devil burns you.
You shoot a bolt. The bolt hits the hell hound!!
You kill the hell hound!
The red devil completely misses you.
The red devil hits you from afar with a +0 trident of flaming!!
* * * LOW HITPOINT WARNING * * *
Barbed spikes become lodged in your body.
The red devil burns you!
* * * LOW HITPOINT WARNING * * *
The hell knight hits you with a +0 flail of flaming!!
You die...
Your body crumbles into a pile of gold.

......≈≈≈§≈§≈≈≈≈≈§§.#
#.#..≈§§≈§≈≈≈§§§...##
####..§§≈§§§§§§....##
#..§§§§§§§.......#
#.....≈§§......###
##.....§..##...#
##......###8.8#
###.....###p##
##..### #@# #### #$#
$ 4.$ $ $.∩.. ..###..
..# #.. ..# #.. ..#
#..


You could see a hell knight (fast, drained) and a red devil.

Vanquished Creatures
  An ugly thing (Volcano)
  An oklob plant (Lair:1)
  A black mamba (Lair:1)
  2 cane toads (Lair:1)
  Maggie (Lair:1)
  A komodo dragon (Lair:2)
  A red devil (Volcano)
  A polar bear (Lair:2)
  A troll (D:8)
  4 blink frogs (Lair:1)
  17 yaks
  4 fire bats (Volcano)
  A basilisk (Lair:1)
  4 steam dragons
  Edmund (D:4)
  3 wargs (D:8)
  An acid dragon (D:8)
  7 water moccasins
  A hell hound (Volcano)
  4 black bears
  An ice beast (D:8)
  4 orc warriors (D:7)
  3 wolves (Lair:2)
  A centaur (D:6)
  A phantom (D:5)
  2 kobold brigands
  Blork the orc (D:4)
  9 bullfrogs
  2 scorpions
  4 wights (D:7)
  9 killer bees (D:8)
  An electric eel (Lair:2)
  A howler monkey (D:6)
  7 lava snakes (Volcano)
  2 hounds
  A jelly (D:6)
  2 sleepcaps
  A gnoll bouda (D:8)
  5 orc priests
  2 iguanas
  Natasha (thrice) (D:2)
  5 orc wizards
  Robin (D:4)
  10 gnolls
  7 adders
  A shadow imp (D:5)
  2 white imps
  An ufetubus (D:6)
  3 dart slugs
  24 orcs
  4 ball pythons
  10 endoplasms
  11 giant cockroaches
  11 goblins
  10 hobgoblins
  3 bats
  2 frilled lizards
  11 kobolds
  4 rats
239 creatures vanquished.

Notes
Turn   | Place    | Note
-------+----------+-------------------------------------------
     0 | D:1      | Darkkill the Minotaur Hunter began the quest for the Orb.
     0 | D:1      | Reached XP level 1. HP: 18/18 MP: 0/0
    37 | D:1      | Reached skill level 1 in Stealth
    68 | D:1      | Reached XP level 2. HP: 25/25 MP: 1/1
   373 | D:1      | Found a faded altar of an unknown god.
   559 | D:1      | Identified a scroll of acquirement
   559 | D:1      | Acquired the +8 arbalest of Yras {drain, rElec Int-4 Dex+6}
   694 | D:2      | Noticed Natasha
   697 | D:2      | Killed Natasha
   698 | D:2      | Reached XP level 3. HP: 31/31 MP: 2/2
   830 | D:2      | Noticed Natasha
   833 | D:2      | Killed Natasha
   834 | D:2      | Reached XP level 4. HP: 38/38 MP: 3/3
   854 | D:2      | Noticed Natasha
   855 | D:2      | Killed Natasha
   856 | D:2      | Reached skill level 5 in Ranged Weapons
   949 | D:2      | You fall into a shaft and drop 2 floors!
   960 | D:4      | Noticed Blork the orc
   965 | D:4      | Killed Blork the orc
   966 | D:4      | Reached XP level 5. HP: 38/46 MP: 4/4
  1117 | D:4      | Found a runed translucent door.
  1118 | D:4      | Noticed Crazy Yiuf
  1156 | D:4      | Noticed Edmund
  1161 | D:4      | Killed Edmund
  1162 | D:4      | Reached XP level 6. HP: 44/53 MP: 5/5
  1242 | D:4      | Noticed Robin
  1245 | D:4      | Killed Robin
  2473 | D:4      | Found a glowing silver altar of Zin.
  2473 | D:4      | Found a radiant altar of Vehumet.
  2474 | D:4      | Found a stormy altar of Qazlal.
  2488 | D:4      | Found an iron altar of Okawaru.
  3002 | D:5      | Entered Level 5 of the Dungeon
  3005 | D:5      | Found a staircase to the Ecumenical Temple.
  3023 | D:5      | Reached skill level 5 in Fighting
  3023 | D:5      | Reached XP level 7. HP: 42/61 MP: 6/6
  3036 | Temple   | Entered the Ecumenical Temple
  3147 | Temple   | Became a worshipper of Gozag Ym Sagoz the Greedy
  3317 | D:5      | Identified the +1 trident "Leeliut" {pain, rF+ rC- Dex+3}
  3422 | D:5      | Reached skill level 5 in Dodging
  3749 | D:5      | Found a bloodstained altar of Trog.
  3794 | D:5      | Reached XP level 8. HP: 70/70 MP: 7/7
  3869 | D:5      | Found a shadowy altar of Dithmenos.
  3872 | D:5      | Found a blossoming altar of Fedhas.
  4294 | D:6      | Identified the +4 robe of the Muttering Orbs {rPois rN++
                  | Stlth-}
  4769 | D:6      | Reached skill level 5 in Stealth
  5051 | D:7      | Found a runed translucent door.
  5220 | D:7      | Reached XP level 9. HP: 79/79 MP: 8/8
  5559 | D:7      | Found a sparkling altar of Nemelex Xobeh.
  6611 | D:8      | Found a staircase to the Lair.
  6637 | D:8      | Reached XP level 10. HP: 91/91 MP: 9/9
  7180 | Lair:1   | Entered Level 1 of the Lair of Beasts
  7180 | Lair:1   | Noticed a cane toad
  7187 | Lair:1   | Killed a cane toad
  7197 | Lair:1   | Reached skill level 10 in Fighting
  7295 | Lair:1   | Reached skill level 10 in Ranged Weapons
  7337 | Lair:1   | Noticed a black mamba
  7341 | Lair:1   | Killed a black mamba
  7510 | Lair:1   | Reached XP level 11. HP: 101/101 MP: 10/10
  7512 | Lair:1   | Noticed an oklob plant
  7696 | Lair:1   | Killed an oklob plant
  7808 | Lair:1   | Noticed Maggie
  7811 | Lair:1   | Killed Maggie
  8212 | Lair:1   | Reached skill level 10 in Dodging
  8575 | Lair:2   | Found a staircase to the Snake Pit.
  8682 | Lair:2   | Found a dark tunnel.
  8809 | Volcano  | Entered a volcano
  8927 | Volcano  | Noticed a red ugly thing
  8929 | Volcano  | Killed a red ugly thing
  8929 | Volcano  | Noticed a hell knight
  8942 | Volcano  | HP: 15/102 [red devil/+0 trident of flaming (19)]
  8942 | Volcano  | Mangled by a hell knight

Illustrated notes

Levels and vault maps discovered:
D:1:      minmay_arrival_stair_chambers, layout_basic,
          shapermc_ecumenical_altar_hornbeckon
D:2:      layout_loops_ring, uniq_natasha
D:3:      minmay_roachtagon, layout_loops_ring
D:4:      layout_basic, nicolae_overflow_quartered_altars, uniq_robin,
          uniq_edmund, uniq_crazy_yiuf_cottage, uniq_blork_the_orc
D:5:      layout_loops_ring, old_standard_altar, nicolae_overflow_squiral,
          minmay_temple_entry_waves
D:6:      layout_basic, serial_co_window_serial, co_window_paths_a,
          co_window_paths_b, co_window_paths_a, co_window_of_opportunity_a,
          co_window_paths_a, co_window_of_opportunity_b, co_window_corner_cb,
          co_window_unsneaky_path_b, glass_columns_a, glass_columns_b,
          glass_columns_b, glass_columns_c
D:7:      layout_layer_cave, nemelex_diamond_rough_becter,
          lightli_church_of_beogh
D:8:      layout_basic, erik_lair_orcish_takeover, kennysheep_generic_room_16
Temple:   eino_temple_water
Lair:1:   layout_cave_pods, st_stairs_5, chequers_serial_rivers_large_a,
          uniq_maggie
Lair:2:   layout_regular_city, guppyfry_snake_entry_garden, basic_altar,
          nicolae_volcano_entry_s_turn, nicolae_quartered_pool_little
Volcano:  volcano_grotto [vgs_dualism]

Skill      XL: |  1  2  3  4  5  6  7  8  9 10 11 |
---------------+----------------------------------+-----
Stealth        | 1 2 3 4 5 6 7 8 |  8.7
Fighting       | 3 4 5 6 7 9 10 11 | 11.4
Dodging        | 3 4 5 6 8 9 10 | 10.6
Ranged Weapons | 5 6 7 9 10 11 | 11.2

Action                     |  1- 3 |  4- 6 |  7- 9 | 10-12 || total
---------------------------+-------+-------+-------+-------++-------
   Fire: Shortbow          |    23 |       |       |       ||    23
         Arbalest          |    16 |    83 |   166 |   148 ||   413
 Invoke: Call Merchant     |       |       |     1 |       ||     1
    Use: Scroll            |     4 |    13 |     2 |     5 ||    24
         Potion            |       |       |       |     2 ||     2
 Armour: Leather armour    |     5 |     5 |    18 |    10 ||    38
  Dodge: Dodged            |     3 |    18 |    71 |    72 ||   164

Levels and vault maps discovered:
D:1:      minmay_arrival_stair_chambers, layout_basic,
          shapermc_ecumenical_altar_hornbeckon
D:2:      layout_loops_ring, uniq_natasha
D:3:      minmay_roachtagon, layout_loops_ring
D:4:      layout_basic, nicolae_overflow_quartered_altars, uniq_robin,
          uniq_edmund, uniq_crazy_yiuf_cottage, uniq_blork_the_orc
D:5:      layout_loops_ring, old_standard_altar, nicolae_overflow_squiral,
          minmay_temple_entry_waves
D:6:      layout_basic, serial_co_window_serial, co_window_paths_a,
          co_window_paths_b, co_window_paths_a, co_window_of_opportunity_a,
          co_window_paths_a, co_window_of_opportunity_b, co_window_corner_cb,
          co_window_unsneaky_path_b, glass_columns_a, glass_columns_b,
          glass_columns_b, glass_columns_c
D:7:      layout_layer_cave, nemelex_diamond_rough_becter,
          lightli_church_of_beogh
D:8:      layout_basic, erik_lair_orcish_takeover, kennysheep_generic_room_16
Temple:   eino_temple_water
Lair:1:   layout_cave_pods, st_stairs_5, chequers_serial_rivers_large_a,
          uniq_maggie
Lair:2:   layout_regular_city, guppyfry_snake_entry_garden, basic_altar,
          nicolae_volcano_entry_s_turn, nicolae_quartered_pool_little
Volcano:  volcano_grotto [vgs_dualism]

Table legend: (Time is in decaauts)
 A = Elapsed time spent in this place.
 B = Non-inter-level travel time spent in this place.
 C = Inter-level travel time spent in this place.
 D = Time resting spent in this place.
 E = Time spent auto-exploring this place.
 F = Levels seen in this place.
 G = Mean time per level.
                   A        B        C        D        E       F      G
               +--------+--------+--------+--------+--------+-----+--------+
         Total |   9181 |   8729 |    452 |    326 |   7251 |  12 |  765.1 |
       Dungeon |   7087 |   6721 |    366 |    150 |   5670 |   8 |  885.9 |
        Temple |    272 |    258 |     14 |      0 |    243 |   1 |  272.0 |
          Lair |   1678 |   1606 |     72 |    176 |   1238 |   2 |  839.0 |
       Volcano |    142 |    142 |      0 |      0 |     99 |   1 |  142.0 |
               +--------+--------+--------+--------+--------+-----+--------+

Top non-repeatable levels by time:
     D:7: 1444 daAuts
  Lair:1: 1193 daAuts
     D:4: 1172 daAuts
     D:6: 985 daAuts
     D:8: 813 daAuts
     D:5: 767 daAuts
     D:3: 678 daAuts
     D:2: 620 daAuts
     D:1: 606 daAuts
  Lair:2: 484 daAuts
  Temple: 272 daAuts
 Volcano: 142 daAuts

Table legend:
 A = Kills in this place as a percentage of kills in the entire game.
 B = Kills by you in this place as a percentage of kills by you in the entire game.
 C = Kills by friends in this place as a percentage of kills by friends in the entire game.
 D = Other kills in this place as a percentage of other kills in the entire game.
 E = Experience gained in this place as a percentage of experience gained in the entire game.
 F = Experience gained in this place divided by the number of levels of this place that you have seen.
                   A       B       C       D       E      F
               +-------+-------+-------+-------+-------+----------------------
         Total | 100.0 | 100.0 |   N/A |   N/A | 100.0 | 1488.4
       Dungeon |  78.2 |  78.2 |   N/A |   N/A |  42.2 | 943.0
          Lair |  15.9 |  15.9 |   N/A |   N/A |  45.6 | 4072.0
       Volcano |   5.9 |   5.9 |   N/A |   N/A |  12.2 | 2173.0
               +-------+-------+-------+-------+-------+----------------------
